 Dungeon Crawl Stone Soup version 0.30-a0-800-g7c544603b3 (webtiles) character file.

Game seed: 6418337364091806646

299 mandoloar the Digger (level 6, -2/37 HPs)
             Began as a Gargoyle Earth Elementalist on Feb 21, 2023.
             Shot with an arrow by a centaur (13 damage)
             ... on level 4 of the Dungeon.
             The game lasted 00:13:02 (4680 turns).

mandoloar the Digger (Gargoyle Earth Elementalist)  Turns: 4680, Time: 00:13:02

Health: -2/37      AC:  7    Str: 11    XL:     6   Next: 36%
Magic:  11/11      EV: 11    Int: 18    God:
Gold:   198        SH:  4    Dex: 10    Spells: 7/11 levels left

rFire   . . .      SeeInvis .    a - +3 mace (heavy)
rCold   . . .      Faith    .    l - +0 buckler
rNeg    + . .      Spirit   .    f - +0 robe
rPois   ∞          Reflect  .    g - +0 helmet
rElec   +          Harm     .    (no cloak)
rCorr   .          Rampage  .    (no gloves)
Will    .....                    (no boots)
Stlth   ++                       e - amulet of magic regeneration
HPRegen 0.26/turn                (no ring)
MPRegen 0.52/turn                (no ring)

@: no status effects
A: sickness immunity, AC +4, negative energy resistance 1, electricity
resistance, torment resistance 1, petrification resistance
a: no special abilities


You were on level 4 of the Dungeon.
You visited 1 branch of the dungeon, and saw 4 of its levels.

You collected 198 gold pieces.

Inventory:

Hand Weapons
 a - a +3 heavy mace (weapon)
Armour
 f - a +0 robe (worn)
 g - a +0 helmet (worn)
 l - a +0 buckler (worn)
Jewellery
 e - an amulet of magic regeneration (around neck)
Scrolls
 d - 3 scrolls of identify
 m - 2 scrolls of vulnerability
 o - a scroll of fog {unknown}
 p - a scroll of silence {unknown}
Potions
 b - a potion of magic
 c - a potion of mutation
 h - a potion of haste
 i - a potion of heal wounds


   Skills:
 + Level 3.2 Fighting
 - Level 1.5 Dodging
 - Level 2.1 Stealth
 + Level 2.6 Shields
 + Level 3.4 Spellcasting
 - Level 0.7 Transmutations
 + Level 5.3 Earth Magic


You had 7 spell levels left.
You knew the following spells:

 Your Spells              Type           Power      Damage    Failure   Level
a - Sandblast             Erth           44%        2d11      2%          1
b - Stone Arrow           Conj/Erth      24%        3d8       21%         3

Your spell library contained the following spells:

 Spells                   Type           Power      Damage    Failure   Level
 Passwall                 Tmut/Erth      11%        N/A       9%          2
 Sting                    Tmut/Pois      16%        1d3       19%         1
 Poisonous Vapours        Pois/Air       6%         N/A       30%         2
 Petrify                  Tmut/Erth      14%        N/A       52%         4
 Olgreb's Toxic Radiance  Pois           3%         N/A       90%         4


Dungeon Overview and Level Annotations

Branches:
Dungeon (4/15)
 Temple: D:4-7

Altars:
Xom


Innate Abilities, Weirdness & Mutations

You are immune to sickness and miasma.
Your stone body is resilient. (AC +4)
You are immune to poison.
You resist negative energy. (rN+)
You are resistant to electric shocks. (rElec)
You are resistant to unholy torment.
You are immune to petrification.


Message History

You start waiting.
You feel your willpower return.
As you read the scroll labelled PYAQUSIPOS, it crumbles to dust.
You feel strangely unstable.
It was a scroll of teleportation.
Your surroundings suddenly seem different.
An orc comes into view. It is wielding a +0 whip.
Found five items.
Found an escape hatch in the floor.
You see here a metallic puce potion.
A centaur comes into view.
The centaur shouts!
The orc shouts!
The centaur wields a +0 shortbow.
The centaur shoots an arrow.
The arrow hits you.
The centaur shoots an arrow.
The arrow hits you.
You see here 6 gold pieces.
You now have 198 gold pieces (gained 6).
The blast of sand hits the orc!
You kill the orc!
The centaur shoots an arrow.
The arrow barely misses you.
The centaur shoots an arrow.
The arrow barely misses you.
The centaur shoots an arrow.
The arrow barely misses you.
The centaur shoots an arrow.
The arrow hits you!
The centaur shoots an arrow.
The arrow hits you but does no damage.
The blast of sand hits the centaur.
The centaur is moderately wounded.
The centaur shoots an arrow.
The arrow barely misses you.
The centaur shoots an arrow.
The arrow hits you!
You are too injured to fight recklessly!
The centaur shoots an arrow.
The arrow completely misses you.
The centaur shoots an arrow.
The arrow hits you but does no damage.
You are too injured to fight recklessly!
You are too injured to fight recklessly!
Casting: Sandblast (safe; 2% risk of failure)
Confirm with . or Enter, or press ? or * to list all spells.
Aiming: Sandblast (safe; 2% risk of failure)
Press: ? - help, Shift-Dir - straight line, f/p - centaur
Aim: a centaur, wielding a +0 shortbow (moderately wounded, 90% to hit)
The blast of sand misses the centaur.
The centaur shoots an arrow.
The arrow hits you.
* * * LOW HITPOINT WARNING * * *
The centaur shoots an arrow.
The arrow hits you!
You die...

## . .. ... ..
####.#### #
#.......# ..
#.#..##@# .##
#.. #.######.>.#
# #.c......$..
#...........
#..!...c..(.
................
#.####.....[....
####...)...
.###...


You could see a centaur.

Vanquished Creatures
  A wight (D:4)
  A howler monkey (D:3)
  An orc priest (D:3)
  A hound (D:4)
  An orc wizard (D:3)
  4 adders
  4 worms (D:3)
  2 dart slugs (D:1)
  6 orcs
  4 endoplasms
  4 giant cockroaches
  4 goblins
  3 hobgoblins
  8 jackals (D:1)
  A quokka (D:2)
  4 ball pythons (D:3)
  6 bats
  4 frilled lizards
  6 kobolds
  4 rats
69 creatures vanquished.

Notes
Turn   | Place    | Note
-------+----------+-------------------------------------------
     0 | D:1      | mandoloar the Gargoyle Earth Elementalist began the quest
                  | for the Orb.
     0 | D:1      | Reached XP level 1. HP: 10/10 MP: 3/3
   657 | D:1      | Reached XP level 2. HP: 16/16 MP: 3/5
   667 | D:1      | Reached skill level 1 in Fighting
   721 | D:1      | Found a faded altar of an unknown god.
   746 | D:1      | Reached skill level 4 in Earth Magic
  1145 | D:1      | Reached XP level 3. HP: 19/20 MP: 1/6
  1848 | D:2      | You fall into a shaft and drop 2 floors!
  1979 | D:3      | Found a shimmering altar of Xom.
  2056 | D:3      | Reached skill level 1 in Shields
  2056 | D:3      | Reached XP level 4. HP: 26/26 MP: 2/8
  2218 | D:3      | Reached XP level 5. HP: 14/31 MP: 6/9
  2607 | D:3      | Learned a level 3 spell: Stone Arrow
  3187 | D:2      | Reached skill level 5 in Earth Magic
  4121 | D:4      | HP: 1/32 [wight/+3 great sword (11)]
  4479 | D:4      | Reached XP level 6. HP: 17/37 MP: 2/11
  4680 | D:4      | Shot with an arrow by a centaur

Illustrated notes

Levels and vault maps discovered:
D:1:      amcnicky_arrival_gap_in_the_tavern_cellar, layout_basic,
          ebering_ecumenical_altar_sacrificial, hangedman_decor_lopped,
          minmay_pentomino_x2
D:2:      layout_basic, lemuel_flame_loot_1
D:3:      layout_loops_ring, xom_teletrap_fun, gup_sewer_entry_bubbles,
          kennysheep_orc_chapel
D:4:      layout_loops_cross

Skill      XL: |  1  2  3  4  5 |
---------------+----------------+-----
Fighting       | 1 2 3 |  3.2
Earth Magic    | 4 5 |  5.3
Shields        | 1 2 |  2.6
Spellcasting   | 3 |  3.4
Dodging        | |  1.5
Stealth        | |  2.1
Transmutations | |  0.7

Action                     |  1- 3 |  4- 6 || total
---------------------------+-------+-------++-------
  Melee: Short sword       |     5 |     4 ||     9
         Mace              |       |     2 ||     2
   Cast: Sandblast         |    48 |    73 ||   121
         Stone Arrow       |       |     2 ||     2
    Use: Scroll            |       |    12 ||    12
 Armour: Robe              |    18 |    14 ||    32
  Dodge: Dodged            |    31 |    27 ||    58
  Block: Buckler           |     1 |     5 ||     6

Table legend: (Time is in decaauts)
 A = Elapsed time spent in this place.
 B = Non-inter-level travel time spent in this place.
 C = Inter-level travel time spent in this place.
 D = Time resting spent in this place.
 E = Time spent auto-exploring this place.
 F = Levels seen in this place.
 G = Mean time per level.
                   A        B        C        D        E       F      G
               +--------+--------+--------+--------+--------+-----+--------+
         Total |   4769 |   4383 |    386 |   1515 |   2092 |   4 | 1192.2 |
       Dungeon |   4769 |   4383 |    386 |   1515 |   2092 |   4 | 1192.2 |
               +--------+--------+--------+--------+--------+-----+--------+

Top non-repeatable levels by time:
     D:3: 1799 daAuts
     D:1: 1604 daAuts
     D:2: 1080 daAuts
     D:4: 285 daAuts
